AoeStats
← Master Zio

MegaRandom

509730683Analyzed
4v4 RM · 4d ago on Sep 27, 2026· 56m 18s· 8 players
Game mode
Random Map
Map size
Large (8 player)
Population
200
Speed
Normal
Resources
Standard
Victory
Conquest
Starting age
Dark Age
Ending age
Imperial Age
RankedLock teamsTeams togetherTeam positionsShared explorationLock speedFull tech treeHidden civsTurbo modeCheats
Victory
Defeat
🇪🇸 Mongols · Spain
1028
+13
🇨🇱 Burgundians · Chile
1013
+13
🇧🇷 Danes · Brazil
990
+14
🇦🇷 Vietnamese · Argentina
961
+16
🇪🇸 Goths · Spain
1092
-19
🇪🇸 Persians · Spain
977
-15
🇪🇸 Khitans · Spain
922
-13
🇳🇱 Danes · Netherlands
815
-9
aos.ceus
2:20 Loom
13:39 Feudal Age
15:06 Horse Collar
20:15 Castle Age
19:08 Gold Mining
19:09 Double-Bit Axe
19:28 Stone Mining
19:43 Scale Mail Armor
19:54 Forging
23:14 Arson
27:18 Heavy Plow
31:29 Imperial Age
29:31 Bow Saw
29:19 Murder Holes
30:08 Gold Shaft Mining
32:40 Pikeman
33:09 Gambesons
33:49 Conscription
33:16 Capped Ram
34:37 Halberdier
35:22 Squires
36:01 Iron Casting
37:49 Elite Varangian Guard
41:19 Fletching
41:30 Padded Archer Armor
41:54 Ballistics
46:44 Bloodlines
49:55 Chemistry
48:46 Guard Tower
48:41 Arrowslits
49:08 Careening
49:04 Siege Engineers
49:10 Masonry
48:51 Heated Shot
49:12 Clinker Construction
49:22 Shipwright
49:41 Stone Shaft Mining
51:57 Wheelbarrow
51:08 Town Watch
50:48 Hamask
50:52 Man-at-Arms
53:10 Thumb Ring
52:28 Cranequins
55:10 Spies/Treason
fran135
11:29 Feudal Age
16:31 Castle Age
15:09 Double-Bit Axe
15:16 Horse Collar
23:03 Loom
23:05 Town Watch
23:30 Heavy Plow
25:58 Wheelbarrow
27:04 Hand Cart
27:18 Town Patrol
28:25 Fletching
29:00 Gold Mining
29:46 Bodkin Arrow
29:57 Scale Barding Armor
32:31 Imperial Age
31:57 Gold Shaft Mining
32:00 Chain Barding Armor
33:03 Thumb Ring
33:00 Husbandry
33:11 Bloodlines
32:32 Elite Mangudai
32:36 Capped Ram
35:11 Drill
35:12 Conscription
35:46 Parthian Tactics
35:25 Bracer
34:48 Siege Ram
37:56 Bow Saw
39:50 Chemistry
39:11 Ballistics
54:59 Spies/Treason
Master Zio
3:19 Loom
12:03 Feudal Age
12:08 Feudal Age
14:16 Double-Bit Axe
18:00 Castle Age
20:54 Gold Mining
23:19 Wheelbarrow
24:15 Horse Collar
25:55 Heavy Plow
27:26 Fletching
27:37 Padded Archer Armor
29:44 Hand Cart
30:40 Bodkin Arrow
33:40 Imperial Age
32:12 Leather Archer Armor
32:10 Stone Mining
33:54 Bodkin Arrow
35:13 Paper Money
35:12 Bracer
36:09 Crop Rotation
36:26 Town Watch
38:31 Chemistry
37:53 Ballistics
37:38 Elite Rattan Archer
39:03 Stone Shaft Mining
43:39 Man-at-Arms
44:31 Forging
44:21 Long Swordsman
45:12 Two-Handed Swordsman
47:43 Iron Casting
48:54 Town Patrol
49:34 Champion
54:11 Ring Archer Armor
GERMANICO7222
5:53 Loom
7:25 Loom
10:56 Feudal Age
9:25 Double-Bit Axe
15:37 Horse Collar
18:41 Scale Barding Armor
18:46 Forging
20:46 Heavy Plow
21:04 Bow Saw
22:04 Gold Mining
25:16 Castle Age
24:52 Wheelbarrow
25:25 Gold Shaft Mining
25:47 Forging
26:08 Light Cavalry
26:08 Cavalier
26:49 Husbandry
27:16 Chain Barding Armor
27:31 Iron Casting
27:47 Iron Casting
31:35 Crop Rotation
34:44 Hand Cart
34:14 Town Watch
37:54 Town Patrol
40:45 Two-Man Saw
39:39 Stone Mining
40:44 Crop Rotation
44:27 Imperial Age
44:36 Paladin
45:53 Plate Barding Armor
46:19 Blast Furnace
46:40 Chemistry
47:37 Burgundian Vineyards
47:53 Conscription
48:09 Hoardings
49:21 Stone Shaft Mining
56:16 Spies/Treason
paingemBN
10:48 Feudal Age
9:03 Loom
16:07 Castle Age
14:13 Double-Bit Axe
14:17 Horse Collar
16:56 Gold Mining
20:31 Wheelbarrow
23:24 Scale Mail Armor
24:10 Fletching
26:03 Forging
27:17 Chain Mail Armor
29:39 Iron Casting
40:03 Imperial Age
42:43 Blast Furnace
ApeteceMuchoNené
12:12 Feudal Age
14:51 Double-Bit Axe
15:30 Domestication
17:16 Gold Mining
17:25 Stone Mining
19:49 Forging
19:40 Scale Mail Armor
19:45 Scale Barding Armor
19:32 Fletching
19:44 Padded Archer Armor
22:30 Castle Age
26:23 Wheelbarrow
27:56 Stone Shaft Mining
27:47 Hand Cart
27:19 Loom
28:03 Bodkin Arrow
28:23 Leather Archer Armor
28:45 Bow Saw
32:36 Iron Casting
32:17 Chain Mail Armor
32:22 Chain Barding Armor
31:27 Crossbowman
32:53 Gambesons
33:09 Squires
32:29 Pikeman
32:55 Arson
34:27 Pastoralism
38:26 Imperial Age
38:59 Elite Fire Lancer
Ruli
11:47 Feudal Age
12:30 Double-Bit Axe
16:02 Loom
18:36 Castle Age
38:35 Horse Collar
41:56 Gold Mining
44:05 Elite Skirmisher
48:00 Fletching
48:10 Padded Archer Armor
SupremeSEITAN
11:49 Feudal Age
10:07 Loom
16:27 Castle Age
14:44 Double-Bit Axe
14:41 Horse Collar
17:00 Wheelbarrow
24:22 Forging
26:17 Scale Barding Armor
27:17 Bloodlines
30:55 Iron Casting
32:26 Gold Mining
32:47 Heavy Plow
33:05 Bow Saw
34:29 Husbandry
34:50 Chain Barding Armor
35:08 Hand Cart
36:19 Pikeman
36:59 Squires
37:01 Scale Mail Armor
38:51 Chain Mail Armor
Connection lost

Rejoining the realm…

Still unreachable

The connection could not be restored.

Session expired

The server has moved on; the page needs a fresh start.